 Dungeon Crawl Stone Soup version 0.31-a0-179-g1846a1fd2d (webtiles) character file.

Game seed: 15284452182097886950

5357 qw the Cleaver (level 10, -14/64 HPs)
             Began as a Gargoyle Fighter on June 18, 2023.
             Was a Believer of Okawaru.
             Killed from afar by an oklob plant (34 damage)
             ... with a splash of acid
             ... on level 1 of the Lair of Beasts.
             The game lasted 00:04:30 (7504 turns).

qw the Cleaver (Gargoyle Fighter)                   Turns: 7504, Time: 00:04:30

Health: -14/64     AC: 14    Str: 25    XL:     10   Next: 65%
Magic:  11/13      EV: 16    Int:  8    God:    Okawaru [**....]
Gold:   211        SH: 13    Dex: 15    Spells: 9/9 levels left

rFire   . . .        j - +2 hand axe of Ragnarok {vamp, rC+}
rCold   + . .        e - +0 kite shield
rNeg    + . .        h - +0 chain mail
rPois   inf          (no helmet)
rElec   +            (no cloak)
rCorr   .            (no gloves)
SInv    .            (no boots)
Will    +....        i - amulet of regeneration Stlth
                     l - ring of Wishful Thinking {Will+ Dex+6}
HPRegen 1.10/turn    o - +5 ring of evasion
MPRegen 0.13/turn

%: no passive effects
@: about to teleport, heroic, corroded
A: sickness immunity, AC +7, negative energy resistance 1, electricity
resistance, torment resistance 1, petrification resistance
a: Renounce Religion, Heroism


You were on level 1 of the Lair of Beasts.
You worshipped Okawaru.
Okawaru was pleased with you.
You visited 3 branches of the dungeon, and saw 10 of its levels.

You collected 536 gold pieces.
You spent 325 gold pieces at shops.


Innate Abilities, Weirdness & Mutations

You are immune to sickness and miasma.
Your stone body is resilient. (AC +7)
You are immune to poison.
You resist negative energy. (rN+)
You are resistant to electric shocks. (rElec)
You are resistant to unholy torment.
You are immune to petrification.


   Skills:
 + Level 7.6(12.6) Fighting
 - Level 10.0(15.0) Axes
 - Level 4.1(9.1) Armour
 - Level 2.1(7.1) Dodging
 - Level 9.0(14.0) Shields
 - Level 4.1 Invocations


You had 9 spell levels left.
You didn't know any spells.
Your spell library was empty.

Inventory:

Hand Weapons
 c - a +0 morningstar
 j - the +2 hand axe of Ragnarok (weapon) {vamp, rC+}
   (You found it on level 6 of the Dungeon)

   rC:        It protects you from cold.
 q - a +0 war axe
Armour
 e - a +0 kite shield (worn)
 h - a +0 chain mail (worn)
 u - a +0 helmet
Jewellery
 i - an amulet of regeneration (around neck)
 l - the ring of Wishful Thinking (left hand) {Will+ Dex+6}
   (You took it off a gnoll on level 4 of the Dungeon)

   [ring of dexterity]

   Dex:       It affects your dexterity (+6).
   Will:      It increases your willpower.
 o - a +5 ring of evasion (right hand)
 s - a ring of fire
Wands
 t - a wand of digging (2)
Scrolls
 k - 3 scrolls of identify
 n - 3 scrolls of teleportation
Potions
 a - a potion of invisibility {unknown}
 b - 2 potions of cancellation
 d - 3 potions of might
 f - 3 potions of mutation
 g - 2 potions of lignification
 m - a potion of haste
 p - a potion of brilliance {unknown}
 r - a potion of enlightenment {unknown}
 v - a potion of curing

Dungeon Overview and Level Annotations

Branches:
Dungeon (8/15)             Temple (1/1) D:5            Lair (1/5) D:8

Altars:
Cheibriados
Dithmenos
Elyvilon
Fedhas
Gozag
Hepliaklqana
Kikubaaqudgha
Makhleb
Nemelex Xobeh
Okawaru
Qazlal
Ru
Sif Muna
Trog
Uskayaw
Vehumet
Wu Jian
Xom
Yredelemnul
Zin
The Shining One

Shops:
D:6 (   D:7 =

Annotations:
Lair:1 exclusion: oklob plant


Message History

You hit the bush but do no damage.
The bush is severely damaged.
You hit the bush but do no damage.
The bush is severely damaged.
You hit the bush.
The bush is severely damaged.
You hit the bush but do no damage.
The bush is severely damaged.
The oklob plant spits acid at you. The splash of acid hits you!!
Enter note:
Enter note:
Enter note:
7502 ||| READING 4 scrolls of teleportation.
As you read the scroll of teleportation, it crumbles to dust.
You feel strangely unstable. The oklob plant spits acid at you.
The splash of acid misses you.
Enter note:
Enter note:
Enter note:
Enter note:
Enter note:
Enter note:
Enter note:
Enter note:
Enter note:
Enter note:
Enter note:
Enter note:
Enter note:
Enter note:
Enter note:
Enter note:
Enter note:
Enter note: The oklob plant spits acid at you.
The splash of acid hits you!!
Ouch! That really hurt!
You die...

# ##..........## #
#....##....P# #. #
##...###..######.. #
#....P.##.# P#...# ###
##......######...#.## ..#
#.......#.....(.....#
..####....................
...P##....................
....##..........@.........
##..##..............=.....
##..#..............!.....
#................PPP....
##...#..........)PPP$...
##..............PPP ...
#.....##......[..
###....###..........
##...:.###.#..........


You could see an oklob plant.

Vanquished Creatures
  Pikel (D:6)
  A black mamba (Lair:1)
  A cane toad (Lair:1)
  A rime drake (D:7)
  Prince Ribbit (D:5)
  Grum (D:8)
  A steam dragon (Lair:1)
  4 water moccasins
  A sky beast (D:6)
  2 black bears (D:5)
  4 ice beasts
  2 ogres
  6 wolves
  3 lemures (D:6)
  A centaur (D:7)
  A phantom (D:5)
  A kobold brigand (D:6)
  2 bullfrogs
  4 scorpions
  9 wights
  2 electric eels (D:8)
  A howler monkey (D:7)
  A jelly (D:6)
  4 hounds
  A gnoll bouda (D:4)
  A sleepcap (D:5)
  3 iguanas (D:5)
  5 orc wizards
  6 gnolls
  11 adders
  A white imp (D:7)
  3 ufetubi
  A worm (D:4)
  2 dart slugs
  14 orcs
  6 endoplasms
  3 giant cockroaches
  12 goblins
  9 hobgoblins
  7 jackals
  13 kobolds
  12 ball pythons
  6 bats
  3 frilled lizards
  8 rats
182 creatures vanquished.

Notes
Turn   | Place    | Note
-------+----------+-------------------------------------------
     0 | D:1      | qw the Gargoyle Fighter began the quest for the Orb.
     0 | D:1      | Reached XP level 1. HP: 14/14 MP: 1/1
     0 | D:1      | 0 ||| qw: Version: 0.3-a-7-ge0c9b40
     0 | D:1      | 0 ||| qw: Game counter: 877
     0 | D:1      | 0 ||| qw: Always use a shield: true
     0 | D:1      | 0 ||| qw: God list: Okawaru
     0 | D:1      | 0 ||| qw: Allow faded altars: false
     0 | D:1      | 0 ||| qw: Do Orc after D:15 true
     0 | D:1      | 0 ||| qw: Do second Lair branch before Depths: true
     0 | D:1      | 0 ||| qw: Lair rune preference: random
     0 | D:1      | 0 ||| qw: Plans: Normal, Zot:1-4, Slime:5, God:TSO, Crypt,
                  | Tomb, Abyss, Pan, Hells, Win
     0 | D:1      | 0 ||| PLANNING D:1-11
    41 | D:1      | Reached skill level 2 in Axes
   124 | D:1      | Reached XP level 2. HP: 19/19 MP: 2/2
   285 | D:1      | Reached skill level 3 in Axes
   285 | D:1      | Reached XP level 3. HP: 23/23 MP: 3/3
   657 | D:1      | 657 ||| UPGRADING to +0 chain mail.
   667 | D:1      | 667 ||| DROPPING +0 scale mail.
   668 | D:1      | 668 ||| READING 2 scrolls labelled OQUAWE BAFIEMNUHI.
   669 | D:1      | 669 ||| DROPPING scroll of vulnerability.
   705 | D:2      | 705 ||| Stepping ~*~*~tactically~*~*~ (stealth).
   719 | D:2      | 719 ||| Stepping ~*~*~tactically~*~*~ (stealth).
   766 | D:2      | Found a faded altar of an unknown god.
   813 | D:2      | 813 ||| Stepping ~*~*~tactically~*~*~ (stealth).
   823 | D:2      | 823 ||| Stepping ~*~*~tactically~*~*~ (stealth).
   848 | D:2      | Reached XP level 4. HP: 28/28 MP: 4/4
   865 | D:2      | 865 ||| FLEEEEING.
   866 | D:2      | 866 ||| FLEEEEING.
   867 | D:2      | 867 ||| FLEEEEING.
   892 | D:2      | Found an opulent altar of Gozag.
   905 | D:2      | Reached skill level 4 in Axes
   910 | D:2      | 910 ||| Stepping ~*~*~tactically~*~*~ (stealth).
   912 | D:2      | 912 ||| Stepping ~*~*~tactically~*~*~ (stealth).
  1096 | D:2      | 1096 ||| READING scroll labelled YZO QUATEME.
  1097 | D:2      | 1097 ||| READING scroll labelled HOJEOSKI NOXARCH.
  1098 | D:2      | 1098 ||| READING scroll labelled ENEICW KO BAOR.
  1359 | D:3      | Reached XP level 5. HP: 32/32 MP: 5/5
  1858 | D:3      | 1858 ||| UPGRADING to amulet of regeneration.
  1863 | D:3      | 1863 ||| DROPPING ring of flight.
  1864 | D:3      | 1864 ||| DROPPING +6 ring of intelligence.
  1865 | D:3      | 1865 ||| READING scroll labelled RUGIHI YDOQEBAA.
  1866 | D:3      | 1866 ||| READING scroll labelled ASAZUG RORHAXT.
  1870 | D:3      | 1870 ||| DRINKING 2 puce potions.
  1993 | D:4      | 1993 ||| DROPPING +0 mace.
  2029 | D:4      | Found a sacrificial altar of Ru.
  2052 | D:4      | 2052 ||| Stepping ~*~*~tactically~*~*~ (hiding).
  2076 | D:4      | 2076 ||| Stepping ~*~*~tactically~*~*~ (hiding).
  2089 | D:4      | Reached skill level 5 in Axes
  2092 | D:4      | Identified the ring of Wishful Thinking {Will+ Dex+6}
  2114 | D:4      | Reached XP level 6. HP: 38/38 MP: 6/6
  2842 | D:4      | Noticed a water moccasin
  2870 | D:4      | Killed a water moccasin
  3143 | D:4      | 3143 ||| UPGRADING to ring of Wishful Thinking {Will+
                  | Dex+6}.
  3144 | D:4      | 3144 ||| UPGRADING to +5 ring of evasion.
  3145 | D:4      | 3145 ||| READING 3 scrolls labelled YFROPLES CUOLE.
  3146 | D:4      | 3146 ||| READING 2 scrolls of identify.
  3146 | D:4      | 3146 ||| IDENTIFYING white potion
  3175 | D:5      | Entered Level 5 of the Dungeon
  3181 | D:5      | Reached skill level 1 in Dodging
  3189 | D:5      | 3189 ||| STAIRDANCE
  3238 | D:5      | Reached skill level 6 in Axes
  3238 | D:5      | Reached XP level 7. HP: 39/43 MP: 7/7
  3248 | D:5      | Found a white marble altar of Elyvilon.
  3279 | D:5      | Found a staircase to the Ecumenical Temple.
  3280 | D:5      | 3280 ||| PLANNING TEMPLE
  3329 | D:5      | Noticed Prince Ribbit
  3365 | D:5      | Killed Prince Ribbit
  3366 | D:5      | Reached skill level 7 in Axes
  3571 | D:5      | Reached XP level 8. HP: 48/48 MP: 8/8
  3600 | D:5      | 3600 ||| Stepping ~*~*~tactically~*~*~ (hiding).
  3659 | D:5      | 3659 ||| Stepping ~*~*~tactically~*~*~ (stealth).
  3660 | D:5      | 3660 ||| Stepping ~*~*~tactically~*~*~ (stealth).
  3661 | D:5      | 3661 ||| Stepping ~*~*~tactically~*~*~ (stealth).
  3691 | D:5      | Reached skill level 8 in Axes
  3870 | D:5      | 3870 ||| UPGRADING to +0 kite shield.
  3880 | D:5      | 3880 ||| DROPPING +0 buckler.
  3881 | D:5      | 3881 ||| READING 4 scrolls of identify.
  3881 | D:5      | 3881 ||| IDENTIFYING dark potion
  3882 | D:5      | 3882 ||| READING 3 scrolls of identify.
  3882 | D:5      | 3882 ||| IDENTIFYING lumpy dark potion
  3883 | D:5      | 3883 ||| READING 2 scrolls of identify.
  3883 | D:5      | 3883 ||| IDENTIFYING metallic coppery potion
  3884 | D:5      | 3884 ||| DROPPING potion of ambrosia.
  3952 | Temple   | Entered the Ecumenical Temple
  3953 | Temple   | 3953 ||| PLANNING OKAWARU WORSHIP
  4109 | Temple   | Became a worshipper of Warmaster Okawaru
  4110 | Temple   | 4110 ||| PLANNING D:1-11
  4140 | D:5      | 4140 ||| Stepping ~*~*~tactically~*~*~ (stealth).
  4202 | D:6      | 4202 ||| DROPPING +0 flail.
  4229 | D:6      | Noticed Pikel
  4260 | D:6      | Killed Pikel
  4260 | D:6      | Reached * piety under Okawaru
  4261 | D:6      | Reached skill level 6 in Shields
  4261 | D:6      | Reached XP level 9. HP: 54/54 MP: 9/9
  4313 | D:6      | 4313 ||| INVOKING Heroism.
  4314 | D:6      | 4314 ||| Stepping ~*~*~tactically~*~*~ (stealth).
  4321 | D:6      | Reached skill level 1 in Invocations
  4346 | D:6      | 4346 ||| Stepping ~*~*~tactically~*~*~ (stealth).
  4500 | D:6      | 4500 ||| INVOKING Heroism.
  4769 | D:6      | Identified the +2 hand axe of Ragnarok {vamp, rC+}
  4771 | D:6      | 4771 ||| SWAPPING to +2 hand axe of Ragnarok {vamp, rC+}.
  4909 | D:6      | Found Tuesk's Antique Weapon Shoppe.
  4974 | D:6      | Found a shadowy altar of Dithmenos.
  5080 | D:6      | 5080 ||| Stepping ~*~*~tactically~*~*~ (stealth).
  5081 | D:6      | 5081 ||| Stepping ~*~*~tactically~*~*~ (stealth).
  5194 | D:7      | Reached skill level 3 in Invocations
  5212 | D:7      | 5212 ||| Stepping ~*~*~tactically~*~*~ (stealth).
  5262 | D:7      | 5262 ||| Stepping ~*~*~tactically~*~*~ (hiding).
  5264 | D:7      | 5264 ||| Stepping ~*~*~tactically~*~*~ (hiding).
  5300 | D:7      | Reached skill level 6 in Fighting
  5409 | D:7      | Reached ** piety under Okawaru
  5523 | D:7      | Found Amobo's Jewellery Shop.
  5532 | D:7      | 5532 ||| SHOPLISTING +4 ring of protection (468 gold, have
                  | 425).
  5532 | D:7      | 5532 ||| SHOPLISTING +5 ring of evasion (468 gold, have
                  | 425).
  5532 | D:7      | 5532 ||| SHOPLISTING +6 ring of strength (468 gold, have
                  | 425).
  5532 | D:7      | 5532 ||| SHOPLISTING ring "Repp" {Ice rElec rN++ Int-4
                  | Dex+2} (588 gold, have 425).
  5532 | D:7      | 5532 ||| BUYING ring of fire (325 gold).
  5532 | D:7      | Bought a ring of fire for 325 gold pieces
  5954 | D:7      | 5954 ||| READING scroll labelled IFAOGI ORAS.
  5955 | D:7      | 5955 ||| READING scroll labelled IRCHEY LIZEP BOKY.
  5956 | D:7      | 5956 ||| READING scroll labelled ITOGOGH HOOREO.
  5991 | D:8      | 5991 ||| STAIRDANCE
  5999 | D:8      | Noticed a rime drake
  6004 | D:8      | 6004 ||| STAIRDANCE
  6006 | D:7      | 6006 ||| INVOKING Heroism.
  6015 | D:7      | Killed a rime drake
  6037 | D:8      | Reached skill level 9 in Axes
  6054 | D:8      | 6054 ||| Stepping ~*~*~tactically~*~*~ (stealth).
  6055 | D:8      | 6055 ||| Stepping ~*~*~tactically~*~*~ (stealth).
  6056 | D:8      | 6056 ||| Stepping ~*~*~tactically~*~*~ (stealth).
  6076 | D:8      | Reached XP level 10. HP: 61/61 MP: 13/13
  6141 | D:8      | 6141 ||| INVOKING Heroism.
  6174 | D:8      | Found a staircase to the Lair.
  6191 | D:8      | 6191 ||| Stepping ~*~*~tactically~*~*~ (hiding).
  6317 | D:8      | Found a snail-covered altar of Cheibriados.
  6317 | D:8      | Found an ornate altar of the Wu Jian Council.
  6324 | D:8      | Found a basalt altar of Yredelemnul.
  6326 | D:8      | Found a glowing golden altar of the Shining One.
  6328 | D:8      | Found a faded altar of an unknown god.
  6451 | D:8      | 6451 ||| Stepping ~*~*~tactically~*~*~ (stealth).
  6547 | D:8      | Noticed Grum
  6547 | D:8      | 6547 ||| INVOKING Heroism.
  6575 | D:8      | Killed Grum
  6612 | D:8      | 6612 ||| INVOKING Heroism.
  6615 | D:8      | Reached skill level 9 in Shields
  6981 | D:8      | 6981 ||| INVOKING Heroism.
  6982 | D:8      | 6982 ||| DRINKING 2 lumpy black potions.
  6983 | D:8      | 6983 ||| DROPPING potion of berserk rage.
  7145 | D:8      | 7145 ||| PLANNING LAIR
  7145 | D:8      | 7145 ||| DRINKING 2 glowing pink potions.
  7171 | Lair:1   | Entered Level 1 of the Lair of Beasts
  7254 | Lair:1   | Noticed a cane toad
  7255 | Lair:1   | 7255 ||| INVOKING Heroism.
  7273 | Lair:1   | Killed a cane toad
  7284 | Lair:1   | Noticed a black mamba
  7285 | Lair:1   | 7285 ||| INVOKING Heroism.
  7294 | Lair:1   | Killed a black mamba
  7295 | Lair:1   | Reached skill level 10 in Axes
  7333 | Lair:1   | 7333 ||| INVOKING Heroism.
  7334 | Lair:1   | 7334 ||| Stepping ~*~*~tactically~*~*~ (cloud).
  7427 | Lair:1   | Reached *** piety under Okawaru
  7466 | Lair:1   | Noticed an oklob plant
  7467 | Lair:1   | 7467 ||| INVOKING Heroism.
  7496 | Lair:1   | 7496 ||| INVOKING Heroism.
  7501 | Lair:1   | HP: 16/64 [oklob plant/splash of acid (20)]
  7502 | Lair:1   | 7502 ||| READING 4 scrolls of teleportation.
  7504 | Lair:1   | Killed from afar by an oklob plant

Levels and vault maps discovered:
D:1:      dpeg_arrival_renting, layout_loops_ring
D:2:      layout_rooms, ebering_ecumenical_altar_mist, basic_altar
D:3:      layout_basic, due_unseen_surprise
D:4:      layout_layer_cave, nicolae_ru_great_annihilating_truth
D:5:      layout_loops_ring, mainiacjoe_overflow_alcove_4, temple_pool_b,
          uniq_prince_ribbit1
D:6:      layout_loops_corners, grunt_dithmenos_smoke_and_mirrors, serial_shops,
          nicolae_shop_real_fake_doors, uniq_pikel
D:7:      layout_loops_cross, serial_shops, nicolae_shop_gaudy_bauble,
          serial_rivers, chequers_serial_rivers_large_b,
          chequers_serial_rivers_small_3, chequers_serial_rivers_room_a,
          chequers_serial_rivers_micro_e
D:8:      statuecave_lemuel, layout_loops_cross,
          chequers_temple_overflow_minitemple, hellmonk_lair_entry_icy,
          uniq_grum
Temple:   eino_narrow_crystal_temple
Lair:1:   layout_cave_pods, minmay_lair_oklob_bushes,
          chequers_serial_rivers_micro_d

Skill      XL: |  1  2  3  4  5  6  7  8  9 10 |
---------------+-------------------------------+-----
Axes           | 2 3 4 5 6 7 8 9 10 | 10.0
Fighting       | 4 5 6 7 |  7.6
Dodging        | 1 2 |  2.1
Shields        | 6 8 9 |  9.0
Invocations    | 4 |  4.1
Armour         | 4 |  4.1

Action                     |  1- 3 |  4- 6 |  7- 9 | 10-12 || total
---------------------------+-------+-------+-------+-------++-------
  Melee: War axe           |    91 |   211 |   173 |       ||   475
         Hand axe          |       |       |   186 |   197 ||   383
  Throw: Boomerang         |       |    19 |       |       ||    19
 Invoke: Heroism           |       |       |     3 |     9 ||    12
    Use: Scroll            |     1 |     7 |     6 |     1 ||    15
         Potion            |       |     1 |       |     2 ||     3
 Armour: Scale mail        |    25 |       |       |       ||    25
         Chain mail        |    12 |   122 |   125 |    37 ||   296
  Dodge: Dodged            |    31 |    85 |   184 |    59 ||   359
  Block: Buckler           |    24 |    47 |    30 |       ||   101
         Kite shield       |       |       |   145 |    73 ||   218

Table legend:
 A = Non-vault XP
 B = Vault XP
 C = Vault XP percentage of total XP
 D = Non-vault monster count
 E = Vault monster count
 F = Vault count percentage of total count
                 A         B        C        D         E       F
            +---------+---------+-------+---------+---------+-------
      Total |    4937 |    2716 |  35.5 |     161 |      18 |  10.1
            +---------+---------+-------+---------+---------+-------
        D:1 |      55 |       0 |   0.0 |      25 |       0 |   0.0
        D:2 |      80 |       0 |   0.0 |      28 |       0 |   0.0
        D:3 |      33 |       0 |   0.0 |      13 |       0 |   0.0
        D:4 |     303 |      39 |  11.4 |      21 |       4 |  16.0
        D:5 |     890 |     277 |  23.7 |      16 |       1 |   5.9
        D:6 |     584 |     617 |  51.4 |      22 |       1 |   4.3
        D:7 |     771 |     723 |  48.4 |      12 |       4 |  25.0
        D:8 |     694 |    1060 |  60.4 |      18 |       8 |  30.8
     Lair:1 |    1527 |       0 |   0.0 |       6 |       0 |   0.0
            +---------+---------+-------+---------+---------+-------
